[Event "1st Bangalore GM-Open-A 2024"]
[Site "Bangalore"]
[Date "2024.01.25"]
[Round "9.10"]
[White "Aswath, S."]
[Black "Shyaamnikhil P"]
[Result "0-1"]
[ECO "A20"]
[WhiteElo "2369"]
[BlackElo "2443"]
[Annotator "TA"]
[PlyCount "98"]
[EventDate "2024.01.20"]
[EventType "swiss"]
[EventCountry "IND"]
[SourceTitle "playchess.com"]
[Source "ChessBase"]
[SourceQuality "1"]
[TimeControl "5400+30"]

1. c4 e5 2. g3 c6 3. Nf3 e4 4. Nd4 Qb6 5. Nb3 a5 6. e3 $146 {[%emt 0:00:45] A20: English Opening: 1...e5.} ({Predecessor:} 6. d4 a4 7. c5 Qd8 8. N3d2 d5 9. cxd6 Nf6 10. Bg2 e3 11. fxe3 Bxd6 12. e4 {1-0 Tomashevsky,E (2706)-Baklan,V (2587) Titled Tuesday intern op 16th Feb blitz 2021 (6)}) 6... d5 7. cxd5 cxd5 8. d3 Nf6 9. Nc3 Nc6 10. dxe4 dxe4 11. Nd2 Bf5 12. Bg2 Rd8 13. O-O Qa6 14. Qa4 (14. Qe2 {simplifies} Qxe2 15. Nxe2 Bb4 16. Nc3) 14... Bb4 15. Ndxe4 (15. Bxe4 Nxe4 16. Ndxe4 O-O $19) 15... Nxe4 16. Nxe4 O-O 17. a3 Be7 18. Qc2 (18. Nc3 $14) 18... Ne5 $11 19. Qc7 Nc6 (19... Qe6 $5 20. Nc3 Bd3 $11) 20. Qf4 $1 Be6 21. Re1 f6 22. Nc3 Ne5 23. Qe4 Nd3 24. Rd1 (24. Qxb7 $2 Qxb7 25. Bxb7 Nxe1 $19) 24... Nc5 $1 25. Qf3 $1 Rxd1+ 26. Qxd1 Rd8 $1 27. Qf3 (27. Qe1 $11) 27... Bc4 $15 28. Qf4 (28. Qg4 $17) 28... b5 29. Bf3 (29. e4 $142 Nb3 30. Rb1) 29... Bd6 30. Qg4 Be5 31. Be2 Nb3 (31... Be6 $1 $19 {[%cal Re6g4] is more deadly.} 32. Qf3 Nb3) 32. Rb1 (32. Bxc4+ $17 bxc4 33. Rb1) 32... Qc6 $19 33. e4 {[%emt 0:01:28] [#]} (33. Bxc4+ {only move.} Qxc4 (33... bxc4 34. e4 $17) 34. e4) 33... h5 (33... Be6 $142 $1 34. Qf3 (34. Bxb5 $2 Qc8 $19) 34... Nd4) 34. Qf3 $19 {[%emt 0:02:01] [#]} Nd4 $1 35. Bxc4+ Qxc4 36. Qe3 $2 (36. Qxh5 b4 37. axb4 axb4 38. Qg6) 36... b4 37. axb4 axb4 38. Nd5 Qc2 (38... h4 $142 39. Bd2 Rxd5 40. exd5 Qxd5) 39. Ra1 $19 Nb3 $2 ({Black should play} 39... Qd1+ $19 40. Kg2 Kh8 41. Nxb4 Nb3) 40. Qb6 $1 $11 Re8 (40... Rf8 $5 41. Qe6+ $8 Kh8 $11) 41. Qb5 $1 Rb8 42. Qd7 $2 (42. Nxf6+ $11 gxf6 43. Qd5+ Kh8 44. Bf4) 42... Nxa1 $19 43. Bh6 Qd1+ ({Not} 43... gxh6 44. Ne7+ Kh8 45. Ng6+ Kg8 46. Ne7+ Kh8 47. Ng6+ Kg8 48. Ne7+ $11) 44. Kg2 Qg4 (44... gxh6 45. Ne7+ Kf7 46. Qxd1 Kxe7 47. Qxa1 $18) 45. Ne7+ Kh8 46. Nf5 gxh6 47. f3 Qg6 48. Qa7 Nc2 49. f4 Bxf4 0-1

[Event "1st Bangalore GM-Open-A 2024"]
[Site "Bangalore"]
[Date "2024.01.25"]
[Round "9.11"]
[White "Liyanage, Ranindu Dilshan"]
[Black "Venkatesh, M.R."]
[Result "1/2-1/2"]
[ECO "E04"]
[WhiteElo "2366"]
[BlackElo "2392"]
[Annotator "TA"]
[PlyCount "80"]
[EventDate "2024.01.20"]
[EventType "swiss"]
[EventCountry "IND"]
[SourceTitle "playchess.com"]
[Source "ChessBase"]
[SourceQuality "1"]
[TimeControl "5400+30"]

1. d4 Nf6 2. c4 e6 3. Nf3 d5 4. g3 dxc4 5. Bg2 Bd7 6. Ne5 Bc6 7. Nxc6 Nxc6 8. O-O Qd7 (8... Nxd4 9. Bxb7 Rb8 10. Bg2 $16) 9. e3 {[%emt 0:00:08][%mdl 1024] White has compensation.} O-O-O (9... Rd8 $11) 10. Nc3 (10. Nd2 $5) 10... h5 {[%emt 0:07:25] White is slightly better.} 11. b3 Bb4 12. Ne2 c3 13. a3 Be7 (13... Bd6 $11) 14. Nxc3 Nd5 15. Bd2 f5 16. b4 {[%emt 0:02:26] b5 would now be deadly.} Bf6 17. Na4 b6 {[%emt 0:08:21] Prevents Nc5.} 18. Qe2 Nb8 (18... Nce7 $16 {is a better defense.}) 19. Nc3 h4 20. Rfc1 hxg3 21. hxg3 (21. fxg3 $6 g5 22. a4 g4) 21... g6 22. e4 fxe4 23. Qxe4 (23. Nxe4 $6 Bxd4 24. Ra2 Rh5 $18) 23... Nc6 24. Be3 {[%emt 0:02:46] [#]} (24. Qxg6 Bxd4 25. Nxd5 exd5 $18) (24. Nb5 $18 {[%cal Oc1c6] aiming for Rxc6!} Kb8 (24... a6 $2 25. Rxc6 axb5 26. Rac1 $18) 25. Rc4 (25. Qxg6 Nxd4 26. Nxd4 Bxd4 $15)) 24... Nce7 (24... Kb8 $16 {was necessary.}) 25. Qd3 (25. Bf4 $18 {[%cal Of4c7] is more deadly. And now Bxc7! would win.} c6 26. b5 Nxf4 27. gxf4) 25... Kb8 $16 26. Ne4 {[%emt 0:02:49] Nxf6 is the strong threat.} Bg7 27. Rab1 (27. Bg5 $16) 27... c6 $2 {[%emt 0:01:40] [#]} (27... Rdf8 $11) 28. b5 $18 cxb5 (28... c5) 29. Rxb5 Ka8 30. Bf4 (30. a4 $142) 30... Rc8 ({But not} 30... Nxf4 $2 31. Nf6+ (31. gxf4 Nd5 $16) 31... Nfd5 (31... Ned5 $2 32. Nxd7 Rxd7 33. gxf4 $18) 32. Nxd7 $18) 31. Nc3 Bf6 (31... Kb7 {was worth a try.} 32. Rbb1 Rc6) 32. Rcb1 Rc6 33. Nxd5 exd5 34. Re1 {[%emt 0:01:47] Dodges Qe6} ({White should play} 34. a4 $18) 34... Re6 35. Rbb1 (35. Rxe6 $18 {Intending Rbxb6 and mate.} Qxe6 36. a4) 35... g5 $16 36. Bd2 {[%emt 0:00:46] White is more active. This pair of bishops is nice.} Kb8 37. Rxe6 Qxe6 38. Re1 Qf5 39. Qxf5 (39. Qc3 $16) 39... Nxf5 $11 40. Re6 Rf8 $1 {[%emt 0:00:00] Weighted Error Value: White=0.40/Black=0.43.  Loses game:     	---       	Black=1      Missed win:     	White=1     	---        Mistake:       	White=6     	Black=6      Inaccurate:     	White=1     	Black=2      OK:         	White=14    	Black=12     Best:        	---       	Black=1      Strong:       	---       	Black=1} 1/2-1/2

[Event "1st Bangalore GM-Open-A 2024"]
[Site "Bangalore"]
[Date "2024.01.25"]
[Round "9.12"]
[White "Ritviz, Parab"]
[Black "Dzhumaev, Marat"]
[Result "0-1"]
[ECO "C41"]
[WhiteElo "2391"]
[BlackElo "2362"]
[Annotator "TA"]
[PlyCount "96"]
[EventDate "2024.01.20"]
[EventType "swiss"]
[EventCountry "IND"]
[SourceTitle "playchess.com"]
[Source "ChessBase"]
[SourceQuality "1"]
[TimeControl "5400+30"]

1. e4 d6 2. d4 Nf6 3. Nc3 e5 4. Nf3 Nbd7 5. Bc4 Be7 6. O-O O-O 7. Re1 a6 8. a4 b6 {[%emt 0:00:54] C41: Philidor-Verteidigung.} 9. b4 c6 10. d5 Bb7 11. Ba3 $146 ({Predecessor:} 11. dxc6 Bxc6 12. Rb1 a5 13. Ba3 axb4 14. Bxb4 Bxa4 15. Bxd6 Bxd6 16. Qxd6 Bxc2 17. Rbc1 {½-½ Ni,H (2645)-Gagunashvili,M (2596) Manila Campomanes Memorial op 2010 (6)}) 11... Qc7 12. dxc6 Bxc6 13. Qd3 Bb7 14. Nd2 Rfc8 15. Bb2 (15. Rad1 $11) 15... d5 $15 16. exd5 Bxb4 17. Ncb1 (17. Rab1 $15) 17... e4 18. Qb3 (18. Qg3 $17) 18... Bd6 (18... Ng4 $1 $19 19. Qxb4 Qxh2+ (19... Nxh2 $2 20. d6 $18) 20. Kf1 e3 21. fxe3 Qg3) 19. Qh3 Ne5 (19... Bxd5 20. Bxd5 Nxd5 21. Nxe4) ({Vorzuziehen ist} 19... Nxd5 {...Re8 ist eine echte Drohung.} 20. Nxe4 Bxh2+ (20... Qxc4 21. Qxd7 Bb4 22. c3 $15) 21. Qxh2 Qxh2+ (21... Qxc4 22. Qg3 $16) 22. Kxh2 Rxc4) 20. Bb3 {[%emt 0:00:35] [#]} e3 $1 (20... Nxd5 $6 21. Nxe4 Nf4 22. Qf5 Bxe4 23. Rxe4 $11) (20... Bxd5 21. Bxd5 Nxd5 22. Nxe4 Qxc2 23. Nxd6 $15) 21. Rxe3 Nxd5 22. Bxd5 Bxd5 23. Nc3 Be6 24. Qh4 Ng6 25. Qh5 Bf4 26. Rd3 Rd8 27. Nf3 Rxd3 28. cxd3 Rd8 29. d4 h6 30. Re1 Qc4 31. h3 Bc7 32. Ne2 $2 (32. g3 $17 {leistet mehr Widerstand.}) 32... Rd5 $19 (32... Qxa4 33. Nc3 Qb4 34. Ba1 $19) 33. Ne5 Bxe5 (33... Qxa4 34. f4 Bxe5 35. fxe5 $19) 34. dxe5 Rd2 (34... Qxa4 35. Qf3 $19) (34... Qe4 $142 35. Bc3 Qxa4) 35. Bc1 $19 Ra2 36. Be3 Rxa4 37. Nd4 (37. Rd1 $17) 37... Qc3 (37... Qd5 $19 {und Schwarz behält klar die Oberhand.} 38. Nxe6 Nh4 (38... Qxe6 $2 39. Rd1 $19)) 38. Rc1 (38. Rd1 $17 Ra1 (38... Nf4 39. Nxe6 Nxh5 40. Rd8+ Kh7 41. Nf8+ Kg8 42. Nd7+ Kh7 43. Nf8+ Kh8 44. Nd7+ Kh7 45. Nf8+ $11) 39. Nxe6 Qxe5 (39... fxe6 40. Bxb6 a5 41. Kh2 $11) 40. Qg4 Rxd1+ (40... fxe6 41. Bxb6 h5 42. Qf3 $15) 41. Qxd1 Qxe6 (41... fxe6 42. Bxb6 Qe4 43. f3 $17) 42. Qd8+ Kh7 43. Bxb6) 38... Ra1 $19 39. Rxa1 Qxa1+ 40. Kh2 Qa2 41. Qd1 b5 ({Jedoch nicht} 41... Nxe5 42. Nxe6 Qxe6 43. Qd8+ Kh7 44. Bxb6 $17) 42. f4 (42. Nc6 {war angesagt.}) 42... Bd5 43. Nf3 (43. Qd2 $142) 43... Ne7 44. Nd2 (44. Bc5 {war nötig.} Nc6 45. Qf1) 44... Nf5 $19 45. Bf2 b4 46. Qc1 Ne7 47. Bd4 b3 48. f5 $2 (48. Kg1) 48... Qc2 ({Nicht} 48... Nxf5 49. Qc8+ Kh7 50. Qxf5+ Kh8 51. Bc3 $16) 0-1

[Event "1st Bangalore GM-Open-A 2024"]
[Site "Bangalore"]
[Date "2024.01.25"]
[Round "9.13"]
[White "Sahoo, Utkal Ranjan"]
[Black "Audi Ameya"]
[Result "0-1"]
[ECO "A05"]
[WhiteElo "2316"]
[BlackElo "2385"]
[Annotator "TA"]
[PlyCount "66"]
[EventDate "2024.01.20"]
[EventType "swiss"]
[EventCountry "IND"]
[SourceTitle "playchess.com"]
[Source "ChessBase"]
[SourceQuality "1"]
[TimeControl "5400+30"]

1. e4 c5 2. Nf3 d6 3. g3 Nf6 4. d3 Nc6 5. Bg2 g6 6. O-O Bg7 7. Re1 O-O 8. c3 e5 9. Nbd2 h6 10. a3 a5 11. a4 Be6 12. Nc4 {[%emt 0:09:03] The position is equal.} Re8 13. Qe2 Qc7 14. Ne3 d5 15. Nh4 Rad8 16. h3 Qd7 {[%emt 0:17:45] White is on the road to losing.} 17. exd5 Nxd5 18. Nxd5 Bxd5 19. Bf1 Kh7 20. Kh2 g5 21. Ng2 f5 {[%emt 0:00:08] Black is much more active.} 22. f3 (22. Ne3 $17 {might work better.}) 22... f4 $19 {[%emt 0:02:06] Strongly threatening ...fxg3+.} 23. g4 {[%emt 0:00:12] [#]} (23. Qf2 {was forced.}) 23... h5 $1 24. Qf2 (24. Bd2 hxg4) 24... hxg4 25. hxg4 (25. fxg4 $142 Rh8 26. Qxc5) 25... Rh8 {[%emt 0:03:32] Black is clearly winning.} 26. Kg1 Kg8 27. Re2 Qe6 28. Re4 Qh6 29. Qxc5 Bf8 30. Qb6 Rd6 31. Kf2 Qh2 32. Ke2 Bxe4 33. dxe4 {[%emt 0:00:21] [#]} Nd4+ $1 {[%emt 0:00:03][%mdl 512] Weighted Error Value: White=1.15/Black=0.07 (flawless) .  Mistake:       	White=3     	---        Inaccurate:     	White=6     	---        OK:         	White=2     	Black=10} 0-1

[Event "1st Bangalore GM-Open-A 2024"]
[Site "Bangalore"]
[Date "2024.01.25"]
[Round "9.14"]
[White "Manish Anto Cristiano F"]
[Black "Lalit Babu M R"]
[Result "0-1"]
[ECO "C71"]
[WhiteElo "2349"]
[BlackElo "2525"]
[Annotator "TA"]
[PlyCount "134"]
[EventDate "2024.01.20"]
[EventType "swiss"]
[EventCountry "IND"]
[SourceTitle "playchess.com"]
[Source "ChessBase"]
[SourceQuality "1"]
[TimeControl "5400+30"]

1. e4 e5 2. Nf3 Nc6 3. Bb5 a6 4. Ba4 d6 5. c4 Bg4 6. h3 Bxf3 7. Qxf3 Nf6 8. Nc3 Nd7 9. Bxc6 bxc6 10. O-O Nc5 11. Qd1 Be7 12. f4 Nd3 13. f5 Qb8 14. Kh2 Qb6 15. Rf3 Qd4 16. Qe2 Nxc1 17. Rxc1 Bg5 18. Rc2 h5 19. b3 h4 20. Rd3 Qa7 21. Qg4 f6 22. Qf3 Kf7 23. Na4 c5 24. Nc3 Qb7 25. Kg1 Rag8 26. Nd5 a5 27. a4 g6 28. fxg6+ Rxg6 29. Qf5 Rd8 30. Rcc3 Rg7 31. Rf3 (31. g4 $11) 31... Qc8 $1 $15 32. Rcd3 Qxf5 33. Rxf5 c6 34. Ne3 Ke6 35. Rf2 Bf4 36. Kf1 Rg3 37. Rf3 (37. Kg1 $15) 37... Rxf3+ $17 38. gxf3 {[%emt 0:00:02] [#]} Bxe3 $1 39. Rxe3 (39. dxe3 $17 Rg8 40. f4) 39... Rg8 $19 40. Kf2 Rg3 41. Re1 Rxh3 42. Rg1 Kf7 ({Don't play} 42... Rh2+ 43. Rg2 Rh1 44. Rg7 $17) 43. Rg4 Rh2+ 44. Ke3 Rh1 45. Kd3 $2 (45. Kf2) 45... h3 $19 46. Rh4 Kg6 47. Rg4+ (47. Ke2 $142 f5 48. exf5+ Kxf5 49. Kf2) 47... Kh5 $19 48. Rg8 h2 49. Rh8+ Kg5 50. Ke2 Kg6 51. Rh3 Kf7 52. Rh7+ Ke6 (52... Kg6 $2 53. Rh8 $19) (52... Kg8 $142 53. Rh3 Kg7 54. Rg3+ Kh6 55. Rh3+ Kg5) 53. Rh8 d5 54. Rh7 $2 (54. Rh6) 54... Kd6 $2 (54... dxe4 {[%cal Oe4e3] Strongly threatening ...e3!} 55. fxe4 f5 56. Rh6+ Kf7 57. exf5 Kg7 58. Rg6+ Kh7) 55. Rh6 $2 {[%emt 0:00:16] [#]} (55. Rh5) 55... dxe4 $1 $19 56. fxe4 Ke7 $2 (56... Ke6 57. Rh3 f5 58. Rh6+ Kf7 59. exf5 Kg7) 57. Rh7+ Kf8 58. Rh8+ $2 (58. Kf3) 58... Kg7 $19 59. Rh3 Kg6 60. Rg3+ Kh5 61. Rh3+ Kg4 62. Rh8 Kg3 63. Rg8+ Kf4 64. Rh8 Kxe4 65. Rh4+ Kf5 66. Rh8 e4 67. Rh7 e3 0-1

[Event "1st Bangalore GM-Open-A 2024"]
[Site "Bangalore"]
[Date "2024.01.25"]
[Round "9.15"]
[White "Muthaiah AL"]
[Black "Moksh Amit Doshi"]
[Result "1/2-1/2"]
[ECO "D02"]
[WhiteElo "2464"]
[BlackElo "2355"]
[Annotator "TA"]
[PlyCount "86"]
[EventDate "2024.01.20"]
[EventType "swiss"]
[EventCountry "IND"]
[SourceTitle "playchess.com"]
[Source "ChessBase"]
[SourceQuality "1"]
[TimeControl "5400+30"]

1. d4 Nf6 2. Bf4 d5 3. e3 Bf5 4. Nf3 e6 5. Nc3 Bd6 6. Ne5 Nbd7 7. Bd3 Bg6 8. h4 Bxd3 9. cxd3 O-O 10. h5 h6 11. Qf3 Bxe5 12. dxe5 Nh7 13. O-O-O f6 14. Qg4 fxe5 15. Qxe6+ (15. Bxh6 Qf6 (15... Rxf2 16. Qxg7#) 16. Bxg7 Qxg7 $17) 15... Kh8 16. Bg3 (16. Bxe5 $5 Re8 (16... Rxf2 17. Nxd5 Nxe5 18. Qxe5 $11) 17. Bxg7+ Kxg7 18. Qxd5 $15) 16... c6 17. e4 Ng5 18. Qg4 Nf6 19. Qe2 (19. Qh4 $5) 19... Re8 20. Qc2 Qe7 21. Kb1 Qf7 22. exd5 Nxd5 ({Much weaker is} 22... Nxh5 $6 23. Bh4 Nh7 (23... cxd5 $2 {loses.} 24. Bxg5 Qg6 25. Qe2 $18) 24. g4 $16) 23. Ne4 Nxe4 24. dxe4 Nf4 25. Bxf4 exf4 26. f3 Rad8 27. Qc5 a6 28. Rd6 Qe7 29. Rxd8 Qxd8 $11 {[%emt 0:00:12][%mdl 4096] Endgame. KQR-KQR} 30. Kc2 Qf6 31. Qc3 Qg5 32. Qd2 Rd8 33. Qe2 Rd4 34. a3 c5 35. Kb1 Qd8 36. Kc1 {[%emt 0:00:35] Inhibits Rd2. The position is equal.} Qe8 37. e5 {[%emt 0:00:35] Black must now prevent e6.} Qe6 38. Rd1 Rxd1+ 39. Kxd1 Qd5+ 40. Kc2 {[%emt 0:00:52] [#] aiming for e6.} Kg8 $1 41. e6 {[%emt 0:00:37] Threatens to win with e7.} Kf8 42. Qd3 Qxe6 43. Qd8+ Qe8 {[%emt 0:03:36] Weighted Error Value: White=0.07 (flawless) /Black=0.06 (flawless) .  Inaccurate:     	White=3     	Black=3      OK:         	White=14    	Black=23     Best:        	White=2     	---        Strong:       	---       	Black=1} 1/2-1/2

[Event "1st Bangalore GM-Open-A 2024"]
[Site "Bangalore"]
[Date "2024.01.25"]
[Round "9.17"]
[White "Nitish Belurkar"]
[Black "Srihari L"]
[Result "1-0"]
[ECO "E92"]
[WhiteElo "2435"]
[BlackElo "2288"]
[Annotator "TA"]
[PlyCount "125"]
[EventDate "2024.01.20"]
[EventType "swiss"]
[EventCountry "IND"]
[SourceTitle "playchess.com"]
[Source "ChessBase"]
[SourceQuality "1"]
[TimeControl "5400+30"]

1. d4 Nf6 2. c4 g6 3. Nc3 Bg7 4. e4 d6 5. Nf3 O-O 6. Be2 e5 7. Be3 exd4 8. Nxd4 Re8 9. f3 c6 10. Bf2 d5 11. exd5 cxd5 12. O-O Nc6 13. c5 Bf8 {[%emt 0:04:12] E92: King's Indian: Classical: 6 Be2 e5: 7 dxe5, 7 Be3 and Petrosian System without 7...Nbd7.} 14. Kh1 a6 15. Nxc6 $146 ({Predecessor:} 15. a3 Nh5 16. Qd2 Ng7 17. Rfd1 Ne6 18. Nxe6 Bxe6 19. b4 f5 20. Bf1 Bg7 21. Rab1 {0-1 Gavenavicius,K (1828)-Juknis,P (2167) Vilnius Elite op 2023 (4)}) 15... bxc6 16. Qa4 Bd7 17. Rfe1 Nh5 18. Bf1 Ng7 19. Qc2 Bf5 20. Qd2 Rxe1 21. Rxe1 h5 22. Na4 a5 23. Nb6 Ra7 24. Nc4 Ra8 25. Nb6 Ra7 26. Nc4 Ra8 27. Nd6 Bxd6 28. cxd6 Qxd6 29. Bg3 Qb4 30. Qg5 Re8 (30... Qxb2 31. Be5 Qb4 (31... Qxa2 32. Qf6 Kf8 33. Qxg7+ Ke7 34. Bf4+ Be6 35. Rxe6+ Kxe6 36. Qe5+ Kd7 37. Qc7+ Ke8 38. Bd6) 32. Qf6 $14) (30... Kh7 $15) 31. Rxe8+ $14 Nxe8 32. Qd8 Kf8 $1 33. a3 Qc5 34. Be1 Qc1 35. Qxa5 d4 (35... Nc7 $11) 36. Kg1 $16 c5 (36... Kg8 $16) 37. Bd2 $18 Qc2 38. Bh6+ Kg8 39. Qd8 Qa4 40. Qe7 (40. b3 $18 Qd7 41. Qxd7 Bxd7 42. Kf2) 40... Qc6 (40... Ng7 $16) 41. Qf8+ $18 Kh7 {[%emt 0:00:01] [#]} 42. Bf4 $1 (42. Qxf7+ $2 Kxh6 43. Qg8 Nf6 44. Qh8+ Nh7 $19) 42... Be6 43. Qh6+ Kg8 44. Be5 f6 45. Qxg6+ Kf8 46. Bxf6 Bd5 47. Qh6+ (47. Qxh5 Nxf6 48. Qe5 Kf7 $17) 47... Kf7 48. Bg5 $1 (48. Qxh5+ Kxf6 49. b4 Ke6 50. Qh3+ Ke7 51. Qh7+ Kd6 $11) 48... Qxh6 49. Bxh6 Nd6 50. Bf4 Nc4 51. Bxc4 Bxc4 52. Bd6 d3 53. Bf4 $1 (53. Bxc5 d2 54. Kh1 d1=Q+ (54... d1=R+ $2 55. Bg1 $19) 55. Bg1 Qc2 56. h4 Bf1 (56... Qxb2 {is a self mate.} 57. Kh2 Bf1 58. Kg3 Qe2 59. Kf4 Bxg2 60. Kg5 Qe5+ 61. Kh6 Qg7+ 62. Kxh5 Bxf3#) (56... Qxb2 {leads to mate.} 57. Kh2 Bf1 58. Kg3 Ke6 59. Bd4 Qxd4 60. a4 Qb2 61. a5 Kf5 62. Kh3 Qxg2#)) 53... Ke6 (53... Kg6 {was called for.} 54. a4 Kf7) 54. Kf2 Kd5 (54... Bb5 $142 55. g4 hxg4 56. fxg4 Kd7) 55. g4 $18 hxg4 $2 (55... h4 56. Bd2 Kd6) 56. fxg4 $18 Bb5 57. Bd2 Kc4 (57... Ke5 $142 58. Kf3 Be8) 58. b4 $18 cxb4 59. axb4 Bd7 60. Kf3 Kb3 61. g5 Kc2 62. Ke3 Be8 63. h4 1-0

[Event "1st Bangalore GM-Open-A 2024"]
[Site "Bangalore"]
[Date "2024.01.25"]
[Round "9.18"]
[White "Mohammad Nubairshah Shaikh"]
[Black "Jaiveer Mahendru"]
[Result "1-0"]
[ECO "A30"]
[WhiteElo "2428"]
[BlackElo "2294"]
[Annotator "RC"]
[PlyCount "165"]
[EventDate "2024.01.20"]
[EventType "swiss"]
[EventCountry "IND"]
[SourceTitle "playchess.com"]
[Source "ChessBase"]
[SourceQuality "1"]
[TimeControl "5400+30"]

1. Nf3 Nf6 2. c4 c5 3. g3 Nc6 4. Bg2 d5 5. O-O e5 6. d3 Be7 7. cxd5 Nxd5 8. Nc3 Be6 9. Bd2 O-O 10. Rc1 b6 11. a3 Rc8 12. Qa4 f6 13. b4 Nxc3 14. Rxc3 f5 15. bxc5 Bxc5 16. Rfc1 Nd4 17. Kf1 Bd7 18. Qd1 Nxf3 19. Bxf3 Qe7 20. Be3 Bxe3 21. Qb3+ Be6 22. Bd5 Rxc3 23. Bxe6+ Kh8 24. Rxc3 Bd4 25. Rc8 f4 26. gxf4 exf4 27. Rxf8+ Qxf8 28. Qa4 Bc5 29. Qxa7 b5 30. Qb7 Bxa3 31. Qxb5 Qa8 32. Bd5 Qc8 33. Bc4 Bc5 34. Qb2 Qa8 35. Kg1 Qe8 36. Qb7 h6 37. Qd5 Bb6 38. Qf5 Qb8 39. Bd5 Bc7 40. Be4 Kg8 41. Qe6+ Kh8 42. Qg6 Kg8 43. h3 Be5 44. Qe6+ Kh8 45. h4 Bf6 46. h5 Be5 47. Kg2 Bc7 48. Kf3 Qd8 49. Qf5 Kg8 50. Qe6+ Kh8 51. Qg6 Kg8 52. Kg4 Qc8+ 53. Bf5 Qd8 54. Kh3 Qa8 55. Qe6+ Kh8 56. Be4 Qd8 57. Bc6 Bd6 58. Qf5 Bc7 59. Kg4 Bb8 60. Qd5 Qe7 61. Kf3 Bc7 62. Bd7 Qd8 63. Ke4 Bb8 64. Qf7 Bc7 65. d4 Bb6 66. Qe6 Ba7 67. Qd6 Bb8 68. Qe6 Ba7 69. Qf7 Bb6 70. Kd3 Ba7 71. e4 fxe3 72. fxe3 Qb8 73. Qe8+ Qxe8 74. Bxe8 Kg8 75. Bg6 Kf8 76. e4 Ke7 77. e5 Ke6 78. Ke4 Ke7 79. d5 Bb8 80. Kf5 Bc7 81. d6+ Bxd6 82. exd6+ Kxd6 83. Bf7 1-0

[Event "1st Bangalore GM-Open-A 2024"]
[Site "Bangalore"]
[Date "2024.01.25"]
[Round "9.19"]
[White "Tahbaz, Arash"]
[Black "Roy Chowdhury, Saptarshi"]
[Result "1-0"]
[ECO "A31"]
[WhiteElo "2425"]
[BlackElo "2233"]
[Annotator "TA"]
[PlyCount "63"]
[EventDate "2024.01.20"]
[EventType "swiss"]
[EventCountry "IND"]
[SourceTitle "playchess.com"]
[Source "ChessBase"]
[SourceQuality "1"]
[TimeControl "5400+30"]

1. Nf3 c5 2. c4 Nc6 3. g3 g6 4. Bg2 Bg7 5. O-O d6 6. Nc3 Nf6 7. d4 cxd4 8. Nxd4 Bd7 9. e3 Qc8 10. Re1 h5 11. Nxc6 {[%emt 0:11:03] Weiß hat minimalen Vorteil.} bxc6 12. c5 dxc5 13. e4 Bg4 14. Qa4 {[%emt 0:05:41][%mdl 1024] Weiss hat Kompensation.} e5 15. Be3 Nd7 16. Qc2 O-O 17. Na4 Rd8 18. Rac1 Rb8 19. b3 (19. Nxc5 Nxc5 20. Bxc5 Bh6 $11) 19... Bf8 20. f4 exf4 (20... c4 $1 $11 {bleibt in der Remisbreite.}) 21. gxf4 $16 c4 22. bxc4 {[%emt 0:05:40] Weiß steht aktiver.} (22. Qxc4 $16 {[%cal Oh2h3] Schwarz muss nun h3! beachten.} Be6 23. Qxc6) 22... Nf6 (22... Ba3 $5) 23. f5 {[%emt 0:01:47] Droht h3 und aus.} Qc7 24. h3 {[%emt 0:08:46] [#] Qf2 wäre nun fies.} Rb4 25. Nc5 (25. hxg4 Nxg4 26. Nc3 Nxe3 (26... Rxc4 $2 27. fxg6 Qg3 28. gxf7+ Kxf7 29. Qe2 $19) 27. Rxe3 Qb6 $19 (27... Rxc4 28. Rh3 $16)) (25. fxg6 $14 fxg6 26. Qf2) 25... Qe5 26. Qc3 (26. Nd3 Rxd3 27. Qxd3 Qg3 $11) (26. Nb3 {mit weiteren Verwicklungen.} Bd6 27. Kf1 gxf5 28. Nd4) 26... Qxc3 ({Günstiger ist} 26... Qg3 $1 $14 27. Bf2 (27. Qxb4 $2 {geht unter.} Bxh3 28. Re2 Ng4 $19) (27. Qxf6 $2 {zu gefräßig.} Rd2 $19) 27... Qxc3 28. Rxc3 Rb2) 27. Rxc3 {[%emt 0:00:01] Zielt auf fxg6 ab.} Bd1 $2 {[%emt 0:00:47][%mdl 8192] [#] Das kostet Schwarz die Partie.} (27... gxf5 $16 28. hxg4 f4) 28. e5 {[%emt 0:00:52][%csl LRc6,LRf6] Weiß steht klar auf Gewinn.} Nh7 29. fxg6 fxg6 30. Ne6 Rbb8 31. Nxd8 Rxd8 32. Bxc6 {[%emt 0:00:20] Gewichteter Fehlerwert: Weiß=0.16 (sehr präzise) /Schwarz=0.50.  Verlustzug:     	---       	Schwarz=1     Fehler:       	Weiß=2     	Schwarz=4     Ungenau:       	Weiß=2     	Schwarz=3     OK:         	Weiß=6     	Schwarz=3     Bester:       	Weiß=2     	---} 1-0

[Event "1st Bangalore GM-Open-A 2024"]
[Site "Bangalore"]
[Date "2024.01.25"]
[Round "9.20"]
[White "Omidi, Arya"]
[Black "Deepan Chakkravarthy J."]
[Result "0-1"]
[ECO "B80"]
[WhiteElo "2301"]
[BlackElo "2422"]
[Annotator "TA"]
[PlyCount "114"]
[EventDate "2024.01.20"]
[EventType "swiss"]
[EventCountry "IND"]
[SourceTitle "playchess.com"]
[Source "ChessBase"]
[SourceQuality "1"]
[TimeControl "5400+30"]

1. e4 c5 2. Nf3 d6 3. d4 cxd4 4. Nxd4 Nf6 5. Nc3 a6 6. Be3 e6 7. f3 b5 8. Qd2 Nbd7 9. O-O-O Bb7 10. Nb3 {[%emt 0:06:09] B80: Sicilian Scheveningen: 6 g3 and 6 Be3, including English Attack.} b4 11. Na4 d5 12. Nac5 Qc7 $146 ({Predecessor:} 12... Nxc5 13. Bxc5 Bxc5 14. Nxc5 Qb6 15. Nxb7 Qxb7 16. exd5 Nxd5 17. Bc4 Rd8 18. Qg5 O-O 19. Bxd5 exd5 {1-0 Roesch,C-Lee,B (1732) Seattle Seafair op 2020}) 13. Nxb7 Qxb7 14. exd5 Nxd5 15. Bc4 N7f6 16. Bg5 Be7 17. Bxd5 Nxd5 18. Bxe7 Qxe7 19. Rhe1 Rd8 $1 20. Nd4 Qd7 ({But not} 20... Qc7 $2 21. Rxe6+ Ne7 (21... fxe6 $2 {too greedy.} 22. Nxe6 Qxh2 23. Nxd8 $18) 22. Rxe7+ (22. Rxa6 O-O $18) 22... Kxe7 (22... Qxe7 $2 23. Re1 $18) 23. Qg5+ (23. Qxb4+ Kf6 $11) 23... Ke8 24. Qxg7 Qf4+ 25. Kb1 $18) 21. Qd3 O-O 22. Qxa6 Ra8 23. Qc6 Rfd8 (23... Qxc6 $1 $11 24. Nxc6 Rxa2) 24. Qxd7 $14 Rxd7 25. Kb1 ({White should try} 25. Nc6 $1 $14 Rxa2 26. Kb1) 25... Rda7 $11 26. Nb3 Rxa2 27. Rd4 h5 28. f4 g6 $1 29. g3 Kg7 30. h3 R2a6 31. g4 h4 32. f5 g5 $1 33. fxe6 fxe6 34. Rf1 Rc6 35. Rf2 Rac8 36. Nc1 Rc4 37. Rd3 (37. Rxc4 $1 $15 Rxc4 38. Ka2) 37... Re4 38. Ne2 $2 (38. Re2 $17 {was worth a try.} Rxe2 39. Nxe2) 38... Rf8 $19 39. Rxf8 Kxf8 40. Rf3+ Ke7 41. Nc1 $2 (41. Rf2) 41... Rf4 $19 42. Rb3 Rf1 43. c4 bxc3 44. bxc3 Nf4 45. Rb7+ Kf6 46. c4 Ne2 47. Kc2 Rxc1+ 48. Kd2 Rxc4 49. Kxe2 {[%emt 0:00:07] [#]} Rc3 $1 50. Rb4 $2 (50. Rb5 $17 Rxh3 51. Kf2) 50... Rxh3 $19 51. Re4 Ra3 52. Kf2 Rd3 53. Kg2 e5 54. Ra4 Ke6 55. Ra6+ Kd5 56. Kf2 Rd4 57. Ra5+ Ke4 0-1